| TOP OF THE 1ST |
|
Columbus Jets batting - Pitching for Tidewater Tides : RHP Bud Yanus
|
|
Pitching: RHP Bud Yanus
|
|
|
Batting: RHB Greg Schultz
|
0-0: Ball 1-0: Fly out, F7 (Flyball, 7LS, EV 85.6 MPH)
|
|
Batting: RHB Jim Maler
|
0-0: Ball 1-0: Swinging Strike 1-1: Ball 2-1: Fly out, F8 (Line Drive, 8RD, EV 92.5 MPH)
|
|
Batting: RHB Danny Tartabull
|
0-0: Ground out 6-3 (Groundball, 6S, EV 93.1 MPH)
|
| Top of the 1st over - 0 runs, 0 hits, 0 errors, 0 left on base; Columbus 0 - Tidewater 0 |
| BOTTOM OF THE 1ST |
|
Tidewater Tides batting - Pitching for Columbus Jets : RHP Darryl Banks
|
|
Pitching: RHP Darryl Banks
|
|
|
Batting: RHB Juan Garcia
|
0-0: Foul Ball, location: 2F 0-1: Ball 1-1: Foul Ball, location: 2F 1-2: Strikes out looking
|
|
Batting: RHB German Rivera
|
0-0: SOLO HOME RUN (Flyball, 7LD, EV 97.5 MPH), Distance : 346 ft
|
|
Batting: RHB Brad Komminsk
|
0-0: Ball 1-0: Called Strike 1-1: Foul Ball, location: 2F 1-2: Strikes out swinging
|
|
Batting: LHB Dave Kable
|
0-0: Ball 1-0: Called Strike 1-1: Ball 2-1: Fly out, F8 (Flyball, 8LXD, EV 99.4 MPH)
|
| Bottom of the 1st over - 1 run, 1 hit, 0 errors, 0 left on base; Columbus 0 - Tidewater 1 |
| TOP OF THE 2ND |
|
Columbus Jets batting - Pitching for Tidewater Tides : RHP Bud Yanus
|
|
Batting: LHB Larry Sheets
|
0-0: Foul Ball, location: 2F 0-1: SINGLE (Groundball, 34D, EV 106.9 MPH)
|
|
Batting: RHB Jackie Gutierrez
|
0-0: Foul Ball, location: 2F 0-1: Foul Ball, location: 2F 0-2: Foul Ball, location: 2F 0-2: Grounds out, U3 (Groundball, 3L, EV 88.8 MPH)
|
|
Batting: LHB Paul Hollins
|
0-0: Called Strike 0-1: SINGLE (Groundball, 34D, EV 97.5 MPH) Larry Sheets to third Runner from 3rd tries for Home, SAFE, throw by RF to home
|
|
Batting: RHB Michael Ventress
|
0-0: SINGLE (Line Drive, 4MD, EV 96.3 MPH) Paul Hollins to second Runner from 2nd tries for 3rd, SAFE, throw by CF made to third
|
|
Batting: RHB Glenn Goya
|
0-0: Foul Ball, location: 2F 0-1: Ball 1-1: Swinging Strike 1-2: Ball 2-2: Fly out, F6 (Popup, 6M, EV 60.0 MPH)
|
|
Batting: RHB Ray Smith
|
0-0: Fly out, F8 (Flyball, 8RM, EV 85.0 MPH)
|
| Top of the 2nd over - 1 run, 3 hits, 0 errors, 2 left on base; Columbus 1 - Tidewater 1 |
| BOTTOM OF THE 2ND |
|
Tidewater Tides batting - Pitching for Columbus Jets : RHP Darryl Banks
|
|
Batting: RHB Mike Rex
|
0-0: Ball 1-0: Ball 2-0: Ball 3-0: Base on Balls
|
|
Batting: RHB George Gomez
|
0-0: Ball 1-0: Ball 2-0: Ball 3-0: Called Strike 3-1: Foul Ball, location: 2F 3-2: Strikes out swinging Mike Rex is caught stealing 2nd base 2-4 Batter strikes out.
|
|
Batting: RHB Thomas Walker
|
0-0: Foul Ball, location: 2F 0-1: Foul Ball, location: 2F 0-2: Foul Ball, location: 2F 0-2: Ball 1-2: Strikes out looking
|
| Bottom of the 2nd over - 0 runs, 0 hits, 0 errors, 0 left on base; Columbus 1 - Tidewater 1 |
| TOP OF THE 3RD |
|
Columbus Jets batting - Pitching for Tidewater Tides : RHP Bud Yanus
|
|
Batting: RHB Greg Schultz
|
0-0: Ground out 4-3 (Groundball, 4S, EV 91.9 MPH)
|
|
Batting: RHB Jim Maler
|
0-0: Ground out 5-3 (Groundball, 56S, EV 68.1 MPH)
|
|
Batting: RHB Danny Tartabull
|
0-0: Ball 1-0: Ball 2-0: Fly out, F9 (Flyball, 9D, EV 96.3 MPH)
|
| Top of the 3rd over - 0 runs, 0 hits, 0 errors, 0 left on base; Columbus 1 - Tidewater 1 |
| BOTTOM OF THE 3RD |
|
Tidewater Tides batting - Pitching for Columbus Jets : RHP Darryl Banks
|
|
Batting: SHB Julio Valdez
|
0-0: Swinging Strike 0-1: Ball 1-1: Ball 2-1: Foul Ball, location: 2F 2-2: Strikes out swinging
|
|
Batting: RHB Steve Liddle
|
0-0: Called Strike 0-1: Swinging Strike 0-2: SINGLE (Flyball, 5D, EV 91.9 MPH)
|
|
Batting: RHB Juan Garcia
|
0-0: Ball 1-0: Called Strike 1-1: Ball 2-1: Foul Ball, location: 2F 2-2: Ball 3-2: Foul Ball, location: 2F 3-2: Strikes out looking
|
|
Batting: RHB German Rivera
|
0-0: Fly out, F8 (Flyball, 89XD, EV 103.8 MPH)
|
| Bottom of the 3rd over - 0 runs, 1 hit, 0 errors, 1 left on base; Columbus 1 - Tidewater 1 |
| TOP OF THE 4TH |
|
Columbus Jets batting - Pitching for Tidewater Tides : RHP Bud Yanus
|
|
Batting: LHB Larry Sheets
|
0-0: Ball 1-0: Called Strike 1-1: Called Strike 1-2: Ball 2-2: Ball 3-2: SINGLE (Groundball, 4D, EV 99.4 MPH)
|
|
Batting: RHB Jackie Gutierrez
|
0-0: Ball 1-0: Foul Ball, location: 2F 1-1: Ball 2-1: Foul Ball, location: 2F 2-2: SINGLE (Groundball, 6M, EV 99.4 MPH) Larry Sheets to second
|
|
Batting: LHB Paul Hollins
|
0-0: Ball 1-0: Foul Ball, location: 2F 1-1: Ground out 4-3 (Groundball, 4S, EV 69.4 MPH) Larry Sheets to third Jackie Gutierrez to second
|
|
Batting: RHB Michael Ventress
|
0-0: Ball 1-0: Ball 2-0: Foul Ball, location: 2F 2-1: Ball 3-1: Foul Ball, location: 2F 3-2: Strikes out looking
|
|
Batting: RHB Glenn Goya
|
0-0: Ground out 6-3 (Groundball, P, EV 83.1 MPH)
|
| Top of the 4th over - 0 runs, 2 hits, 0 errors, 2 left on base; Columbus 1 - Tidewater 1 |
| BOTTOM OF THE 4TH |
|
Tidewater Tides batting - Pitching for Columbus Jets : RHP Darryl Banks
|
|
Batting: RHB Brad Komminsk
|
0-0: Ground out 6-3 (Groundball, 6, EV 103.8 MPH)
|
|
Batting: LHB Dave Kable
|
0-0: Swinging Strike 0-1: Swinging Strike 0-2: Strikes out swinging
|
|
Batting: RHB Mike Rex
|
0-0: Ball 1-0: Ball 2-0: Foul Ball, location: 2F 2-1: Ground out 5-3 (Groundball, 5S, EV 75.0 MPH)
|
| Bottom of the 4th over - 0 runs, 0 hits, 0 errors, 0 left on base; Columbus 1 - Tidewater 1 |
| TOP OF THE 5TH |
|
Columbus Jets batting - Pitching for Tidewater Tides : RHP Bud Yanus
|
|
Batting: RHB Ray Smith
|
0-0: Ball 1-0: Foul Ball, location: 2F 1-1: DOUBLE (Line Drive, 89D, EV 106.9 MPH)
|
|
Batting: RHB Greg Schultz
|
0-0: Fly out, F9 (Flyball, 89M, EV 89.4 MPH)
|
|
Batting: RHB Jim Maler
|
0-0: Ball 1-0: Ground out 6-3 (Groundball, 56, EV 81.9 MPH)
|
|
Batting: RHB Danny Tartabull
|
0-0: Swinging Strike 0-1: Ball 1-1: Foul Ball, location: 2F 1-2: Ball 2-2: Ground out U3 (Groundball, 34, EV 98.8 MPH)
|
| Top of the 5th over - 0 runs, 1 hit, 0 errors, 1 left on base; Columbus 1 - Tidewater 1 |
| BOTTOM OF THE 5TH |
|
Tidewater Tides batting - Pitching for Columbus Jets : RHP Darryl Banks
|
|
Batting: RHB George Gomez
|
0-0: Called Strike 0-1: Ball 1-1: Ball 2-1: Ball 3-1: Base on Balls
|
|
Batting: RHB Thomas Walker
|
0-0: Bunt missed! 0-1: Ball 1-1: Bunted foul 1-2: SINGLE (Flyball, 78S, EV 95.6 MPH) George Gomez to second
|
|
Batting: SHB Julio Valdez
|
0-0: Sac Bunt to 13 - play at first, batter OUT! 1-4 George Gomez to third Thomas Walker to second
|
|
Batting: RHB Steve Liddle
|
0-0: Ball 1-0: Ball 2-0: Foul Ball, location: 2F 2-1: Called Strike 2-2: Ball 3-2: Foul Ball, location: 2F 3-2: Foul Ball, location: 2F 3-2: Strikes out swinging
|
|
Batting: RHB Juan Garcia
|
0-0: Ball 1-0: Fly out, F6 (Popup, 6M, EV 59.4 MPH)
|
| Bottom of the 5th over - 0 runs, 1 hit, 0 errors, 2 left on base; Columbus 1 - Tidewater 1 |
| TOP OF THE 6TH |
|
Columbus Jets batting - Pitching for Tidewater Tides : RHP Bud Yanus
|
|
Batting: LHB Larry Sheets
|
0-0: Ball 1-0: SINGLE (Flyball, 89S, EV 94.4 MPH)
|
|
Batting: RHB Jackie Gutierrez
|
0-0: Called Strike 0-1: Fielders Choice at 2nd, 4-6 (Groundball, 4, EV 86.3 MPH)
|
|
Batting: LHB Paul Hollins
|
0-0: Swinging Strike 0-1: Ball 1-1: Swinging Strike 1-2: Ball 2-2: Foul Ball, location: 2F 2-2: Foul Ball, location: 2F 2-2: Fly out, F8 (Flyball, 8LS, EV 90.0 MPH)
|
|
Batting: RHB Michael Ventress
|
0-0: Fielders Choice at 2nd, 6-4 (Groundball, 6, EV 83.1 MPH)
|
| Top of the 6th over - 0 runs, 1 hit, 0 errors, 1 left on base; Columbus 1 - Tidewater 1 |
| BOTTOM OF THE 6TH |
|
Tidewater Tides batting - Pitching for Columbus Jets : RHP Darryl Banks
|
|
Batting: RHB German Rivera
|
0-0: Ball 1-0: Foul Ball, location: 2F 1-1: Swinging Strike 1-2: Strikes out swinging
|
|
Batting: RHB Brad Komminsk
|
0-0: Foul Ball, location: 2F 0-1: Foul Ball, location: 2F 0-2: Strikes out swinging
|
|
Batting: LHB Dave Kable
|
0-0: Ball 1-0: Ball 2-0: Ball 3-0: Swinging Strike 3-1: Foul Ball, location: 2F 3-2: Strikes out swinging
|
| Bottom of the 6th over - 0 runs, 0 hits, 0 errors, 0 left on base; Columbus 1 - Tidewater 1 |
| TOP OF THE 7TH |
|
Columbus Jets batting - Pitching for Tidewater Tides : RHP Bud Yanus
|
|
Batting: RHB Glenn Goya
|
0-0: Called Strike 0-1: Ground out 5-3 (Groundball, 56S, EV 91.9 MPH)
|
|
Batting: RHB Ray Smith
|
0-0: Ball 1-0: SINGLE (Line Drive, 78S, EV 110.6 MPH)
|
|
Batting: RHB Greg Schultz
|
0-0: Ball 1-0: Called Strike 1-1: Ball 2-1: Swinging Strike 2-2: Ball 3-2: Fly out, F6 (Popup, P, EV 88.1 MPH)
|
|
Batting: RHB Jim Maler
|
0-0: Ball 1-0: Ball 2-0: Ball 3-0: Called Strike 3-1: Ground out 4-3 (Groundball, 4, EV 80.6 MPH)
|
| Top of the 7th over - 0 runs, 1 hit, 0 errors, 1 left on base; Columbus 1 - Tidewater 1 |
| BOTTOM OF THE 7TH |
|
Tidewater Tides batting - Pitching for Columbus Jets : RHP Darryl Banks
|
|
Batting: RHB Mike Rex
|
0-0: Called Strike 0-1: Ground out 4-3 (Groundball, 4, EV 85.6 MPH)
|
|
Batting: RHB George Gomez
|
0-0: SINGLE (Flyball, 89S, EV 93.8 MPH)
|
|
Batting: RHB Thomas Walker
|
0-0: Foul Ball, location: 2F 0-1: Ground out 3-1 (Groundball, 13, EV 79.4 MPH) George Gomez to second
|
|
Batting: SHB Julio Valdez
|
0-0: Swinging Strike 0-1: Ball 1-1: Called Strike 1-2: Ball 2-2: Strikes out swinging
|
| Bottom of the 7th over - 0 runs, 1 hit, 0 errors, 1 left on base; Columbus 1 - Tidewater 1 |
| TOP OF THE 8TH |
|
Columbus Jets batting - Pitching for Tidewater Tides : RHP Bud Yanus
|
|
Batting: RHB Danny Tartabull
|
0-0: Called Strike 0-1: Foul Ball, location: 2F 0-2: Ball 1-2: Strikes out swinging
|
|
Batting: LHB Larry Sheets
|
0-0: SINGLE (Groundball, 56D, EV 103.1 MPH)
|
|
Batting: RHB Jackie Gutierrez
|
0-0: Foul Ball, location: 2F 0-1: Ball 1-1: Foul Ball, location: 2F 1-2: Ball 2-2: Grounds into double play, 6-4-3 (Groundball, 6, EV 111.9 MPH)
|
| Top of the 8th over - 0 runs, 1 hit, 0 errors, 0 left on base; Columbus 1 - Tidewater 1 |
| BOTTOM OF THE 8TH |
|
Tidewater Tides batting - Pitching for Columbus Jets : RHP Darryl Banks
|
|
Batting: RHB Steve Liddle
|
0-0: Foul Ball, location: 2F 0-1: Called Strike 0-2: Ball 1-2: Strikes out swinging
|
|
Batting: RHB Juan Garcia
|
0-0: Ball 1-0: Swinging Strike 1-1: SINGLE (Groundball, 5L, EV 101.3 MPH) (infield hit)
|
|
Batting: RHB German Rivera
|
0-0: Called Strike 0-1: Ball 1-1: Swinging Strike 1-2: Foul Ball, location: 2F 1-2: Ball 2-2: SINGLE (Groundball, 56, EV 103.1 MPH) (infield hit) Juan Garcia to second
|
|
Batting: RHB Brad Komminsk
|
0-0: Called Strike 0-1: Fly out, F2 (Popup, 3SF, EV 83.1 MPH)
|
|
Batting: LHB Dave Kable
|
0-0: Fielders Choice at 2nd, U6 (Groundball, 6M, EV 101.3 MPH)
|
| Bottom of the 8th over - 0 runs, 2 hits, 0 errors, 2 left on base; Columbus 1 - Tidewater 1 |
| TOP OF THE 9TH |
|
Columbus Jets batting - Pitching for Tidewater Tides : RHP Bud Yanus
|
|
Pitching: RHP Salome Barojas
|
|
|
Batting: LHB Paul Hollins
|
0-0: Called Strike 0-1: Ball 1-1: Called Strike 1-2: Strikes out swinging
|
|
Batting: RHB Michael Ventress
|
0-0: Fly out, F9 (Flyball, 9S, EV 75.0 MPH)
|
|
Batting: RHB Glenn Goya
|
0-0: Called Strike 0-1: Foul Ball, location: 2F 0-2: DOUBLE (Line Drive, 9LD, EV 107.5 MPH)
|
|
Pinch Hitting: LHB Mike Lebo
|
0-0: Called Strike 0-1: Ground out 5-3 (Groundball, 56, EV 81.3 MPH)
|
| Top of the 9th over - 0 runs, 1 hit, 0 errors, 1 left on base; Columbus 1 - Tidewater 1 |
| BOTTOM OF THE 9TH |
|
Tidewater Tides batting - Pitching for Columbus Jets : RHP Darryl Banks
|
|
Pitching: RHP Owen Foley
|
|
|
Now at C: Mike Lebo
|
|
|
Batting: RHB Mike Rex
|
0-0: Ball 1-0: Fly out, F9 (Flyball, 9LM, EV 90.0 MPH)
|
|
Batting: RHB George Gomez
|
0-0: Ball 1-0: Foul Ball, location: 2F 1-1: Fly out, F8 (Flyball, 8RD, EV 98.8 MPH)
|
|
Batting: RHB Thomas Walker
|
0-0: Ball 1-0: Ball 2-0: Called Strike 2-1: Called Strike 2-2: Foul Ball, location: 2F 2-2: Strikes out swinging
|
| Bottom of the 9th over - 0 runs, 0 hits, 0 errors, 0 left on base; Columbus 1 - Tidewater 1 |
| TOP OF THE 10TH |
|
Columbus Jets batting - Pitching for Tidewater Tides : RHP Salome Barojas
|
|
Batting: RHB Greg Schultz
|
0-0: Called Strike 0-1: Ball 1-1: Ground out 6-3 (Groundball, 4M, EV 90.0 MPH)
|
|
Batting: RHB Jim Maler
|
0-0: Ball 1-0: Ball 2-0: TRIPLE (Line Drive, 8LXD, EV 106.3 MPH)
|
|
Batting: RHB Danny Tartabull
|
0-0: SINGLE (Groundball, 6, EV 100.0 MPH) Jim Maler scores
|
|
Batting: LHB Larry Sheets
|
0-0: Called Strike 0-1: Grounds into double play, 6-4-3 (Groundball, 6D, EV 79.4 MPH)
|
| Top of the 10th over - 1 run, 2 hits, 0 errors, 0 left on base; Columbus 2 - Tidewater 1 |
| BOTTOM OF THE 10TH |
|
Tidewater Tides batting - Pitching for Columbus Jets : RHP Owen Foley
|
|
Now in RF: Dave Bialas
|
|
|
Pinch Hitting: RHB Anthony Lachowetz
|
0-0: Ball 1-0: Called Strike 1-1: Ball 2-1: Ball 3-1: Called Strike 3-2: Base on Balls
|
|
Batting: RHB Steve Liddle
|
0-0: Bunt missed! 0-1: Bunt - Flyout to 25! F5
|
|
Batting: RHB Juan Garcia
|
0-0: Ball 1-0: Ball 2-0: Foul Ball, location: 2F 2-1: Foul Ball, location: 2F 2-2: Strikes out swinging
|
|
Batting: RHB German Rivera
|
0-0: Ball 1-0: Ball 2-0: Ground out 6-3 (Groundball, 15, EV 85.0 MPH)
|
| Bottom of the 10th over - 0 runs, 0 hits, 0 errors, 1 left on base; Columbus 2 - Tidewater 1 |
|